 Dungeon Crawl Stone Soup version 0.24-a0-640-ge7cd8ce (console) character file.

Game seed: 16479516746474995936, levelgen mode: deterministic

46 vegansnacktivist the Digger (level 3, 0/21 HPs)
             Began as an Octopode Earth Elementalist on Sept 24, 2019.
             Succumbed to an adder's poison
             ... on level 2 of the Dungeon.
             The game lasted 00:01:54 (1106 turns).

vegansnacktivist the Digger (OpEE)                  Turns: 1106, Time: 00:01:55

Health: 0/21       AC:  1    Str:  7    XL:     3   Next: 68%
Magic:  1/6        EV: 13    Int: 18    God:
Gold:   79         SH:  0    Dex: 12    Spells: 5/6 levels left

rFire    . . .     SeeInvis .   k - +1 dagger
rCold    . . .     Gourm    .   (no shield)
rNeg     . . .     Faith    .   (helmet restricted)
rPois    .         Spirit   .   (no amulet)
rElec    .         Reflect  .   (no ring)
rCorr    .         Harm     .   (no ring)
MR       .....                  (no ring)
Stlth    +++.......             (no ring)
HPRegen  0.07/turn              (no ring)
MPRegen  0.10/turn              (no ring)
                                (no ring)
                                (no ring)

@: lethally poisoned (0 -> -6)
A: almost no armour, stealthy swim, amphibious, 8 rings, constrict 8, camouflage
1, gelatinous body 1
a: no special abilities


You were on level 2 of the Dungeon.
You were not hungry.

You visited 1 branch of the dungeon, and saw 2 of its levels.

You collected 79 gold pieces.

Inventory:

Hand Weapons
 k - a +1 dagger (weapon)
Missiles
 b - 41 stones (quivered)
Scrolls
 d - 2 scrolls of enchant armour {unknown}
 e - 3 scrolls of identify {unknown}
 h - 3 scrolls of remove curse {unknown}
 i - 2 scrolls of teleportation {unknown}
 j - a scroll of blinking {unknown}
 m - 3 scrolls of fog {unknown}
Comestibles
 c - 2 rations
 f - a chunk of flesh


   Skills:
 - Level 2.0 Dodging
 - Level 2.6 Stealth
 - Level 2.0 Spellcasting
   Level 1.0 Transmutations
 + Level 4.5 Earth Magic


You had 5 spell levels left.
You knew the following spells:

 Your Spells              Type           Power        Failure   Level  Hunger
a - Sandblast             Erth           ###...       2%          1    #......

Your spell library contained the following spells:

 Spells                   Type           Power        Failure   Level  Hunger
 Passwall                 Tmut/Erth      ##......     9%          2    ###....
 Stone Arrow              Conj/Erth      ##....       22%         3    ###....
 Petrify                  Tmut/Erth      ##......     50%         4    #####..
 Lee's Rapid Deconstruct  Erth           ###.......   61%         5    ######.


Dungeon Overview and Level Annotations

Branches:
Dungeon (2/15)

Altars:

Annotations:
D:2 Terence


Innate Abilities, Weirdness & Mutations

You cannot wear most types of armour.
You are very stealthy in the water. (Stealth+)
You are amphibious.
You can wear up to eight rings at the same time.
You can use your tentacles to constrict eight enemies at once.
Your skin changes colour to match your surroundings (Stealth+).
Your rubbery body absorbs attacks. (AC +1, EV +1)


Message History

Terence barely misses you. The adder bites you.
* * * LOW HITPOINT WARNING * * *
The adder bites you.
* * * LOW HITPOINT WARNING * * *
You are lethally poisoned!
The adder poisons you!
* * * LOW HITPOINT WARNING * * *
You feel sick.
Okay, then.
It was a potion of cancellation.
You feel magically purged. The adder bites you.
* * * LOW HITPOINT WARNING * * *
Unknown command.
Casting: Sandblast (safe; 2% risk of failure)
Confirm with . or Enter, or press ? or * to list all spells.
Okay, then.
As you read the scroll labeled HIPUWICENUO, it crumbles to dust.
It is a scroll of enchant weapon.
Your +0 dagger glows red for a moment.
You die...

#......# #......#
##.... #......#
#....# ###......#
#....# #....[...#
#....#
#....#######....#
#.@..##.........#
##S#.##.........#
##@#.#..........##.
#...........#......
##....#......#.#####
#....)#......#......
#.....#.............
#.#####.##...#......
####.#
#.##.#.#....##
#.##.###
#.##.#........
#......#
#....#######..


You could see Terence and an adder.

Vanquished Creatures
  A gnoll (D:1)
  A dart slug (D:1)
  4 bats
  3 giant cockroaches
  4 goblins (D:1)
  6 hobgoblins
  A ball python (D:1)
  3 frilled lizards
  7 kobolds
  4 rats
34 creatures vanquished.

Notes
Turn   | Place    | Note
-------+----------+-------------------------------------------
     0 | D:1      | vegansnacktivist the Octopode Earth Elementalist began the
                  | quest for the Orb.
     0 | D:1      | Reached XP level 1. HP: 11/11 MP: 3/3
   119 | D:1      | Reached XP level 2. HP: 14/17 MP: 1/5
   280 | D:1      | Reached skill level 4 in Earth Magic
   549 | D:1      | Reached XP level 3. HP: 12/21 MP: 4/6
  1086 | D:2      | Noticed Terence
  1105 | D:2      | HP: 1/21 [adder (1)]
  1106 | D:2      | Succumbed to an adder's poison

Levels and vault maps discovered:
D:1:      minmay_arrival_plants_in_alcoves, layout_basic,
          hangedman_decor_peaks_small
D:2:      layout_basic, uniq_natasha, uniq_robin, uniq_terence, uniq_sigmund

Skill      XL: |  1  2 |
---------------+-------+-----
Earth Magic    | 4 |  4.5
Dodging        | |  2.0
Stealth        | |  2.6
Spellcasting   | |  2.0
Transmutations | |  1.0

Action                   || total
-------------------------++-------
Melee: Unarmed           ||    18
       Constrict         ||     6
       Tentacles         ||     4
 Cast: Sandblast         ||    48
  Use: Potion            ||     4
       Scroll            ||     1
 Stab: Sleeping          ||     1
  Eat: Chunk             ||     1
Armor: Skin              ||     4
Dodge: Dodged            ||    27

Table legend:
 A = Non-vault XP
 B = Vault XP
 C = Vault XP percentage of total XP
 D = Non-vault monster count
 E = Vault monster count
 F = Vault count percentage of total count
                 A         B        C        D         E       F
            +---------+---------+-------+---------+---------+-------
      Total |      67 |       0 |   0.0 |      34 |       0 |   0.0
            +---------+---------+-------+---------+---------+-------
        D:1 |      58 |       0 |   0.0 |      28 |       0 |   0.0
        D:2 |       9 |       0 |   0.0 |       6 |       0 |   0.0
            +---------+---------+-------+---------+---------+-------
